 Dungeon Crawl Stone Soup version 0.30.0-10-gfe55d96785 (webtiles) character file.

Game seed: 10166773653825891007

134 browni3141 the Digger (level 5, -1/38 HPs)
             Began as a Barachi Earth Elementalist on May 13, 2023.
             Killed from afar by Ijyb (7 damage)
             ... with a puff of flame
             ... on level 3 of the Dungeon.
             The game lasted 00:04:12 (2269 turns).

browni3141 the Digger (Barachi Earth Elementalist)  Turns: 2269, Time: 00:04:13

Health: -1/38      AC:  3    Str:  9    XL:     5   Next: 17%
Magic:  7/9        EV: 12    Int: 17    God:
Gold:   87         SH:  0    Dex: 13    Spells: 4/10 levels left

rFire   . . .        t - +0 falchion
rCold   . . .        (no shield)
rNeg    . . .        a - +0 robe
rPois   .            (no helmet)
rElec   .            (no cloak)
rCorr   .            (no gloves)
SInv    .            n - +0 pair of boots
Will    .....        (no amulet)
Stlth   ++           (no ring)
HPRegen 0.26/turn    (no ring)
MPRegen 0.11/turn

%: no passive effects
@: unable to hop, slow
A: amphibious, slowness 1, strong legs 1, +LOS
a: Hop


You were on level 3 of the Dungeon.
You visited 1 branch of the dungeon, and saw 3 of its levels.

You collected 87 gold pieces.

Inventory:

Hand Weapons
 r - a +0 mace
 t - a +0 falchion (weapon)
Armour
 a - a +0 robe (worn)
 n - a +0 pair of boots (worn)
 y - a +1 scale mail of poison resistance
Scrolls
 q - a scroll of fog {unknown}
 s - a scroll of enchant weapon {unknown}
 z - 3 scrolls of acquirement {unknown}
 A - a scroll of poison {unknown}
 B - a scroll of identify {unknown}
Potions
 m - a potion of magic
 o - 2 potions of heal wounds {unknown}
 p - 2 potions of curing {unknown}
 u - a potion of attraction {unknown}
 v - a potion of berserk rage {unknown}
 w - a potion of might {unknown}
 x - a potion of mutation {unknown}


   Skills:
 - Level 2.0 Fighting
 - Level 3.0 Dodging
 - Level 2.0 Stealth
 - Level 3.0 Spellcasting
 - Level 2.0 Transmutations
 * Level 4.1 Earth Magic


You had 4 spell levels left.
You knew the following spells:

 Your Spells              Type           Power      Damage    Failure   Level
a - Sandblast             Erth           32%        2d9       3%          1
b - Stone Arrow           Conj/Erth      18%        3d8       22%         3
P - Passwall              Tmut/Erth      10%        N/A       8%          2

Your spell library contained the following spells:

 Spells                   Type           Power      Damage    Failure   Level
 Petrify                  Tmut/Erth      13%        N/A       43%         4


Dungeon Overview and Level Annotations

Branches:
Dungeon (3/15)

Altars:

Shops:
D:1 ((=[

Annotations:
D:3 Grinder, Ijyb


Innate Abilities, Weirdness & Mutations

You are amphibious.
You cover ground slowly.
You can hop short distances.
You have an extended range of vision and can be seen from far away.


Message History

The goblin is severely wounded.
The goblin hits you but does no damage. The goblin barely misses you.
You closely miss the goblin.
The goblin is severely wounded.
The goblin hits you with a +0 club.
You closely miss the goblin.
The goblin is severely wounded.
The goblin barely misses you.
You barely miss the goblin.
The goblin is severely wounded.
The goblin hits you with a +0 club.
* * * LOW HITPOINT WARNING * * *
Aiming: Sandblast (safe; 3% risk of failure)
Press: ? - help, Q - select action, (/) - cycle Shift-Dir - straight line, f - goblin
Aim: a goblin, wielding a +0 club (severely wounded, 77% to hit)
The blast of sand hits the goblin.
You kill the goblin!
The goblin barely misses you.
Aiming: Sandblast (safe; 3% risk of failure)
Press: ? - help, Q - select action, (/) - cycle Shift-Dir - straight line, f - goblin
Aim: a goblin, wielding a +0 club (77% to hit)
The blast of sand hits the goblin.
You kill the goblin!
Aiming: Sandblast (safe; 3% risk of failure)
Press: ? - help, Q - select action, (/) - cycle Shift-Dir - straight line, f - goblin
Aim: a goblin, wielding a +0 club (77% to hit)
The blast of sand hits the goblin!
You kill the goblin!
The goblin shoots a sling bullet.
The sling bullet barely misses you.
The goblin shoots a sling bullet.
The sling bullet misses you.
Aiming: Sandblast (safe; 3% risk of failure)
Press: ? - help, Q - select action, (/) - cycle Shift-Dir - straight line, f - goblin
Aim: a goblin, wielding a +0 sling (77% to hit)
The blast of sand hits the goblin!
You kill the goblin!
You start resting.
Magic restored.
A ball python comes into view.
The ball python moves out of view.
HP restored.
Items here: )))) ††††.
A ball python is nearby!
The blast of sand hits the ball python!
You kill the ball python!
You now have 87 gold pieces (gained 10).
Things that are here:
a +0 dagger; a goblin corpse Grinder comes into view.
You see here a +0 club.
You see here a quokka skeleton.
A rat comes into view.
The blast of sand hits the rat!
You kill the rat!
You see here a rat corpse.
Key pressed, stopping explore.
Ijyb the Twisted Goblin comes into view.
She is wielding a +0 dagger and carrying a wand of flame (20).
You start waiting.
Ijyb is nearby!
The blast of sand hits Ijyb but does no damage.
Ijyb shouts!
Ijyb zaps a wand.
The puff of flame hits you!
You are too injured to fight recklessly!
You are too injured to fight recklessly!
Aiming: Sandblast (safe; 3% risk of failure)
Press: ? - help, Q - select action, (/) - cycle Shift-Dir - straight line, f/p - Ijyb
Aim: Ijyb, wielding a +0 dagger, wearing a +0 chain mail and carrying a wand of flame (19) (82% to hit)
The blast of sand hits Ijyb but does no damage.
Ijyb hits you with a +0 dagger.
Aiming: Sandblast (safe; 3% risk of failure)
Press: ? - help, Q - select action, (/) - cycle Shift-Dir - straight line, f/p - Ijyb
Aim: Ijyb, wielding a +0 dagger, wearing a +0 chain mail and carrying a wand of flame (19) (82% to hit)
The blast of sand hits Ijyb but does no damage.
Ijyb hits you with a +0 dagger.
Ijyb zaps a wand.
The puff of flame hits you!
* * * LOW HITPOINT WARNING * * *
Aiming: Sandblast (safe; 3% risk of failure)
Press: ? - help, Q - select action, (/) - cycle Shift-Dir - straight line, f/p - Ijyb
Aim: Ijyb, wielding a +0 dagger, wearing a +0 chain mail and carrying a wand of flame (18) (82% to hit)
The blast of sand hits Ijyb but does no damage.
Ijyb screams, "You nasty!
Big nasty!"
Ijyb hits you with a +0 dagger.
* * * LOW HITPOINT WARNING * * *
Press: ? - help, v - describe, . - travel
Here: Ijyb, wielding a +0 dagger, wearing a +0 chain mail and carrying a wand of flame (18)
The floor.
Unknown command.
Unknown command.
Casting: Sandblast (safe; 3% risk of failure)
Confirm with . or Enter, or press ? or * to list all spells.
Okay, then.
Hop to where?
Press: ? - help, Dir - move target, p - Ijyb Boing!
Ijyb zaps a wand.
The puff of flame hits you.
* * * LOW HITPOINT WARNING * * *
Ijyb zaps a wand.
The puff of flame hits you.
* * * LOW HITPOINT WARNING * * *
Ijyb zaps a wand.
The puff of flame misses you.
There is a stone staircase leading down here.
Ijyb zaps a wand.
The puff of flame hits you!
You die...

#. ######.######
#.##########÷#
#.....†g.....#
###########g## #.#
#.# #.# ##########
#.# #........# #@#
#..)...###
#.#####.#.........
#.##....#......###
#....#######...#
####....#....###
####.#.#### #.#.#
#...# #####


You could see Ijyb.

Vanquished Creatures
  3 gnolls (D:2)
  6 adders
  2 ball pythons (D:3)
  5 endoplasms
  4 giant cockroaches
  11 goblins
  3 hobgoblins
  4 jackals (D:1)
  A quokka (D:3)
  4 bats
  2 frilled lizards
  4 kobolds
  5 rats
54 creatures vanquished.

Notes
Turn   | Place    | Note
-------+----------+-------------------------------------------
     0 | D:1      | browni3141 the Barachi Earth Elementalist began the quest
                  | for the Orb.
     0 | D:1      | Reached XP level 1. HP: 13/13 MP: 3/3
   217 | D:1      | Found Bazeif's Jewellery Boutique.
   242 | D:1      | Reached XP level 2. HP: 22/22 MP: 3/5
   277 | D:1      | Found Tipoal's Weapon Shop.
   278 | D:1      | Found Ofozux Menad's Weapon Shoppe.
   295 | D:1      | Found Neijovob's Armour Shoppe.
   888 | D:2      | Reached XP level 3. HP: 27/27 MP: 3/6
  1621 | D:2      | Reached skill level 3 in Dodging
  1621 | D:2      | Reached skill level 3 in Spellcasting
  1621 | D:2      | Reached XP level 4. HP: 33/33 MP: 5/8
  1660 | D:2      | Learned a level 3 spell: Stone Arrow
  1716 | D:3      | Learned a level 2 spell: Passwall
  1724 | D:3      | Found a faded altar of an unknown god.
  1994 | D:3      | Reached XP level 5. HP: 38/38 MP: 6/9
  2050 | D:3      | Reached skill level 4 in Earth Magic
  2218 | D:3      | Noticed Grinder
  2244 | D:3      | Noticed Ijyb
  2269 | D:3      | Killed from afar by Ijyb

Illustrated notes

Levels and vault maps discovered:
D:1:      nzn_arrival_settlement, layout_basic, serial_shops, shop, shop, shop,
          nicolae_shop_gaudy_bauble, minmay_misc_feat_diagonals, nicolae_titane
D:2:      layout_basic, serial_forest, infiniplex_forest_end_1,
          infiniplex_forest_corner_1, infiniplex_forest_clump_curved,
          infiniplex_forest_diagonal, infiniplex_forest_end_1,
          infiniplex_forest_clump_curved, grunt_decor_arrowhead,
          kennysheep_small_spiral
D:3:      layout_loops_ring, nicolae_dithmenos_shadow_blocks,
          nicolae_hepliaklqana_hippocampus,
          shapermc_ecumenical_altar_mp_ritualfount, gammafunk_ghost_smash,
          chequers_jeans, uniq_sigmund, uniq_ijyb, uniq_robin, uniq_grinder

Skill      XL: |  1  2  3  4  5 |
---------------+----------------+-----
Fighting       | 1 2 |  2.0
Stealth        | 2 |  2.0
Transmutations | 2 |  2.0
Dodging        | 3 |  3.0
Spellcasting   | 3 |  3.0
Earth Magic    | 4 |  4.1

Action                     |  1- 3 |  4- 6 || total
---------------------------+-------+-------++-------
  Melee: Unarmed           |    28 |       ||    28
         Falchion          |     2 |     9 ||    11
   Cast: Sandblast         |    39 |    35 ||    74
Ability: Hop               |     1 |     1 ||     2
 Armour: Robe              |    16 |     2 ||    18
  Dodge: Dodged            |    36 |    24 ||    60
